 Dungeon Crawl Stone Soup version 0.22.1-1-ga44c0e5 (webtiles) character file.

361 Fang the Chopper (level 6, -6/58 HPs)
             Began as a Gargoyle Berserker on Oct 25, 2018.
             Was a Priest of Trog.
             Mangled by a gnoll
             ... wielding a cursed -1 club
              (7 damage)
             ... on level 4 of the Dungeon.
             The game lasted 00:02:32 (2934 turns).

Fang the Chopper (Gargoyle Berserker)               Turns: 2934, Time: 00:02:33

Health: -6/58      AC:  6    Str: 28    XL:     6   Next: 66%
Magic:  15/15      EV: 13    Int:  7    God:    Trog [***...]
Gold:   149        SH:  0    Dex:  9    Spells: 5/5 levels left

rFire    . . .     SeeInvis .   a - +0 hand axe
rCold    . . .     Gourm    .   (no shield)
rNeg     + . .     Faith    .   b - +0 animal skin
rPois    ∞         Spirit   .   (no helmet)
rElec    +         Reflect  .   (no cloak)
rCorr    .         Harm     .   (no gloves)
MR       .....                  (no boots)
Stlth    ..........             (no amulet)
HPRegen  0.19/turn              l - ring of magical power
MPRegen  0.14/turn              (no ring)

@: berserking (expiring), very quick
A: negative energy resistance 1, electricity resistance, unbreathing,
petrification resistance, rot immunity, AC +4
a: Berserk, Trog's Hand, Renounce Religion


You were on level 4 of the Dungeon.
You worshipped Trog.
Trog was most pleased with you.
You were not hungry.

You visited 1 branch of the dungeon, and saw 4 of its levels.

You collected 149 gold pieces.

Inventory:

Hand Weapons
 a - a +0 hand axe (weapon)
Armour
 b - a +0 animal skin (worn)
Jewellery
 l - a ring of magical power (left hand)
 u - an uncursed ring of flight {unknown}
Wands
 q - a wand of iceblast (11)
 t - a wand of enslavement (4)
Scrolls
 d - a scroll of immolation {unknown}
 h - 2 scrolls of remove curse {unknown}
 j - 4 scrolls of identify {unknown}
 m - a scroll of magic mapping {unknown}
 n - 2 scrolls of teleportation {unknown}
 o - a scroll of enchant armour {unknown}
 p - a scroll of random uselessness {unknown}
 v - a scroll of blinking {unknown}
Potions
 e - 7 potions of heal wounds {unknown}
 f - a potion of flight {unknown}
 g - a potion of invisibility {unknown}
 i - a potion of haste {unknown}
 k - a potion of curing {unknown}
 r - 2 potions of lignification {unknown}
 s - a potion of degeneration {unknown}
Comestibles
 c - 8 rations


   Skills:
 + Level 4.6 Fighting
 + Level 4.7 Axes
 + Level 2.4 Armour
 + Level 3.3 Dodging
 + Level 1.1 Stealth


You had 5 spell levels left.
You didn't know any spells.
Your spell library was empty.

Dungeon Overview and Level Annotations

Branches:
Dungeon (4/15)
 Temple: D:4-7

Altars:


Innate Abilities, Weirdness & Mutations

You are resistant to torment.
Your stone body is resilient. (AC +4)
You are immune to poison.
You resist negative energy. (rN+)
You are resistant to electric shocks. (rElec)
You can survive without breathing.
You are immune to petrification.
You are immune to rotting.


Message History

You kill the gnoll!
Trog accepts your kill.
The gnoll hits you from afar with a spear.
* * * LOW HITPOINT WARNING * * *
Unknown command.
The gnoll misses you.
Things that are here:
a club; a giant club You slash the gnoll!
The gnoll is almost dead.
You hit the gnoll. The gnoll barely misses you.
The gnoll hits you with a spear.
* * * LOW HITPOINT WARNING * * *
The gnoll hits you from afar with a spear.
* * * LOW HITPOINT WARNING * * *
You hit the gnoll.
You kill the gnoll!
Trog accepts your kill.
You slash the gnoll! The gnoll hits you with a club!
You die...

#.. ....##
#.....(..
####.......
#.....#...
.....#..
.Sg#.###########
#g).#...#.....#
#@.###.#.###.#
#.>#...#<###.#
##...........#
#......######
#......#
#.#+#### #.. #..
#..


You could see a water moccasin and 2 gnolls.

Vanquished Creatures
  An ogre (D:4)
  A hound (D:3)
  Ijyb (D:3)
  An orc priest (D:3)
  Robin (D:3)
  8 adders
  3 gnolls
  2 dart slugs (D:1)
  2 leopard geckos
  6 orcs (D:3)
  6 bats
  3 giant cockroaches
  8 goblins
  19 hobgoblins
  4 ball pythons
  2 frilled lizards
  7 kobolds
  6 rats
81 creatures vanquished.

Notes
Turn   | Place    | Note
-------+----------+-------------------------------------------
     0 | D:1      | Fang the Gargoyle Berserker began the quest for the Orb.
     0 | D:1      | Reached XP level 1. HP: 14/14 MP: 1/1
    99 | D:1      | Reached XP level 2. HP: 14/19 MP: 2/2
   246 | D:1      | Reached XP level 3. HP: 22/24 MP: 3/3
   888 | D:2      | Reached ** piety under Trog
   920 | D:2      | Reached XP level 4. HP: 16/29 MP: 4/4
  1588 | D:3      | Noticed Ijyb
  1606 | D:3      | Killed Ijyb
  1768 | D:3      | Reached XP level 5. HP: 32/33 MP: 5/5
  2176 | D:3      | Noticed Robin
  2181 | D:3      | Reached *** piety under Trog
  2186 | D:3      | Killed Robin
  2186 | D:3      | Reached XP level 6. HP: 39/39 MP: 6/6
  2923 | D:4      | Noticed a water moccasin
  2930 | D:4      | Reached skill level 1 in Stealth
  2933 | D:4      | HP: 1/58 [gnoll/spear (4)]
  2934 | D:4      | Mangled by a gnoll

Skill      XL: |  1  2  3  4  5  6 |
---------------+-------------------+-----
Axes           | 3 4 |  4.7
Dodging        | 2 3 |  3.3
Fighting       | 4 |  4.6
Stealth        | 1 |  1.1
Armour         | |  2.4

Action                   |  1- 3 |  4- 6 || total
-------------------------+-------+-------++-------
Melee: Hand axe          |   101 |   194 ||   295
Invok: Berserk           |       |     4 ||     4
 Stab: Sleeping          |       |     2 ||     2
  Eat: Chunk             |       |     8 ||     8
       Ration            |       |     1 ||     1
Armor: Animal skin       |    35 |    69 ||   104
Dodge: Dodged            |    79 |   150 ||   229
